 Dungeon Crawl Stone Soup version 0.31-a0-237-g2d982f9f85 (webtiles) character file.

Game seed: 14301608394051162903

172 qw the Shooter (level 5, -3/45 HPs)
             Began as a Minotaur Hexslinger on July 10, 2023.
             Slain by a worm (6 damage)
             ... on level 3 of the Dungeon.
             The game lasted 00:00:52 (1822 turns).

qw the Shooter (Minotaur Hexslinger)                Turns: 1822, Time: 00:00:53

Health: -3/45      AC:  6    Str: 18    XL:     5   Next: 27%
Magic:  5/5        EV: 11    Int: 10    God:
Gold:   72         SH:  0    Dex: 15    Spells: 5/6 levels left

rFire   . . .        Y - +1 sling
rCold   . . .        (no shield)
rNeg    . . .        f - +0 ring mail
rPois   .            (helmet restricted)
rElec   .            (no cloak)
rCorr   .            c - +0 pair of gloves
SInv    .            (no boots)
Will    .....        (no amulet)
Stlth   +            d - +6 ring of strength
HPRegen 0.27/turn    (no ring)
MPRegen 0.09/turn

%: no passive effects
@: no status effects
A: horns 2, retaliatory headbutt
a: no special abilities


You were on level 3 of the Dungeon.
You visited 1 branch of the dungeon, and saw 3 of its levels.

You collected 72 gold pieces.


Innate Abilities, Weirdness & Mutations

You have a pair of horns on your head.
You reflexively headbutt those who attack you in melee.


   Skills:
 - Level 3.0 Fighting
 + Level 5.4 Ranged Weapons
 - Level 1.0 Armour
 - Level 2.1 Dodging
 - Level 1.0 Spellcasting
 - Level 2.0 Hexes


You had 5 spell levels left.
You knew the following spells:

 Your Spells              Type           Power      Damage    Failure   Level
a - Slow                  Hex            16%        N/A       26%         1

Your spell library contained the following spells:

 Spells                   Type           Power      Damage    Failure   Level
 Inner Flame              Hex/Fire       2%         N/A       77%         3
 Portal Projectile        Hex/Tloc       4%         N/A       77%         3
 Cause Fear               Hex            2%         N/A       95%         4

Inventory:

Hand Weapons
 Y - a +1 sling (weapon)
Armour
 c - a +0 pair of gloves (worn)
 f - a +0 ring mail (worn)
Jewellery
 d - a +6 ring of strength (left hand)
Scrolls
 b - 4 scrolls of identify
 g - 3 scrolls of enchant armour {unknown}
Potions
 a - a potion of resistance
 e - a potion of curing

Dungeon Overview and Level Annotations

Branches:
Dungeon (3/15)

Altars:

Shops:
D:1 (


Message History

The sling bullet hits the worm.
The worm is lightly wounded.
The orc barely misses you. You furiously retaliate!
You headbutt the orc!
You kill the orc!
The orc hits you with a +0 dagger.
The hobgoblin hits you but does no damage.
You shoot a sling bullet. The sling bullet hits the hobgoblin.
You kill the hobgoblin!
The orc closely misses you. The ball python bites you.
The ball python grabs you. The ball python constricts you.
You shoot a sling bullet. The sling bullet hits the ball python.
You kill the ball python!
The orc hits you with a +0 club. The orc hits you but does no damage.
You shoot a sling bullet. The sling bullet hits the orc!
You kill the orc!
The orc closely misses you.
You shoot a sling bullet.
The sling bullet closely misses the orc.
The orc hits you with a +0 dagger.
You shoot a sling bullet. The sling bullet hits the worm.
The worm is moderately wounded.
The orc misses you. You furiously retaliate!
You headbutt the orc. The worm barely misses you.
The orc hits you with a +0 dagger.
You shoot a sling bullet. The sling bullet hits the orc!
You kill the orc!
You shoot a sling bullet. The sling bullet hits the worm.
The worm is heavily wounded.
The worm bites you!
You shoot a sling bullet. The sling bullet hits the worm.
The worm is severely wounded.
The worm bites you.
You shoot a sling bullet. The sling bullet hits the worm.
The worm is severely wounded.
The worm bites you.
You shoot a sling bullet.
The sling bullet barely misses the worm.
You shoot a sling bullet. The sling bullet hits the worm.
The worm is almost dead.
The worm bites you.
You die...

.###.#...)..####
..##.#.).......###
#%.#........##...#.
......##..#.# #..
......##..#.# #..
......##..#..###.##
......###.##..##.^# .
......###.###.#.))##....
.........[......@w.)....
......###..##...###.....
..................# ...
...............# .
...............#
##.#.#..########
#.#.#... # ......
#..#...


You could see a worm.

Vanquished Creatures
  Jessica (D:3)
  4 gnolls
  3 adders
  A worm (D:2)
  2 dart slugs (D:2)
  11 orcs (D:3)
  8 ball pythons
  4 endoplasms (D:2)
  4 giant cockroaches
  3 goblins
  6 hobgoblins
  4 kobolds
  7 bats
  4 frilled lizards
  A rat (D:2)
63 creatures vanquished.

Notes
Turn   | Place    | Note
-------+----------+-------------------------------------------
     0 | D:1      | qw the Minotaur Hexslinger began the quest for the Orb.
     0 | D:1      | Reached XP level 1. HP: 16/16 MP: 1/1
     0 | D:1      | 0 ||| qw: Version: 0.3-a-52-g30416fa
     0 | D:1      | 0 ||| qw: Game counter: 5255
     0 | D:1      | 0 ||| qw: Melee chars always use a shield: true
     0 | D:1      | 0 ||| qw: God list: Okawaru
     0 | D:1      | 0 ||| qw: Allow faded altars: false
     0 | D:1      | 0 ||| qw: Do Orc after clearing Dungeon:15 true
     0 | D:1      | 0 ||| qw: Do second Lair branch before Depths: true
     0 | D:1      | 0 ||| qw: Lair rune preference: random
     0 | D:1      | 0 ||| qw: Goals: Normal
     0 | D:1      | 0 ||| PLANNING D:1-11
    32 | D:1      | Found Roasetul's Weapon Shop.
    36 | D:1      | 36 ||| READING scroll labelled NEJORI FANI.
    37 | D:1      | 37 ||| DROPPING scroll of poison.
   205 | D:1      | Reached skill level 3 in Ranged Weapons
   205 | D:1      | Reached XP level 2. HP: 23/23 MP: 2/2
   580 | D:1      | 580 ||| UPGRADING to +0 ring mail.
   590 | D:1      | 590 ||| DROPPING +0 robe.
   591 | D:1      | 591 ||| UPGRADING to +6 ring of strength.
   592 | D:1      | 592 ||| READING 2 scrolls of identify.
   592 | D:1      | 592 ||| IDENTIFYING puce potion
   636 | D:2      | Reached XP level 3. HP: 29/29 MP: 3/3
   987 | D:2      | Reached skill level 4 in Ranged Weapons
  1268 | D:2      | 1268 ||| READING scroll labelled BIYNIR NASKUUG.
  1269 | D:2      | 1269 ||| READING scroll labelled QEITZO ZITO.
  1270 | D:2      | 1270 ||| READING scroll labelled SOIFOSTI JYSUWN.
  1273 | D:2      | 1273 ||| READING scroll labelled EGUOTO XUKHLISM.
  1274 | D:2      | 1274 ||| READING scroll labelled XEINAE QUGEMP.
  1275 | D:2      | 1275 ||| READING 2 scrolls of identify.
  1275 | D:2      | 1275 ||| IDENTIFYING viscous golden potion
  1316 | D:3      | Reached XP level 4. HP: 36/36 MP: 4/4
  1402 | D:3      | Noticed Jessica
  1407 | D:3      | Killed Jessica
  1408 | D:3      | Reached skill level 5 in Ranged Weapons
  1408 | D:3      | 1408 ||| FLEEEEING.
  1409 | D:3      | 1409 ||| FLEEEEING.
  1411 | D:3      | 1411 ||| FLEEEEING.
  1412 | D:3      | 1412 ||| FLEEEEING.
  1413 | D:3      | 1413 ||| FLEEEEING.
  1414 | D:3      | 1414 ||| FLEEEEING.
  1415 | D:3      | 1415 ||| FLEEEEING.
  1416 | D:3      | 1416 ||| FLEEEEING.
  1417 | D:3      | 1417 ||| STAIRDANCE
  1431 | D:2      | 1431 ||| UPGRADING to +0 pair of gloves.
  1439 | D:3      | 1439 ||| STAIRDANCE
  1442 | D:2      | Reached skill level 1 in Armour
  1443 | D:2      | HP: 7/36 [gnoll/+0 whip (4)]
  1575 | D:3      | 1575 ||| STAIRDANCE
  1607 | D:3      | Reached XP level 5. HP: 20/42 MP: 5/5
  1608 | D:3      | HP: 8/42 [gnoll/+1 vampiric spear (5)]
  1612 | D:3      | HP: 3/42 [gnoll/+1 vampiric spear (1)]
  1802 | D:3      | Reached skill level 3 in Fighting
  1818 | D:3      | HP: 11/45 [worm (8)]
  1820 | D:3      | HP: 2/45 [worm (5)]
  1822 | D:3      | Slain by a worm

Levels and vault maps discovered:
D:1:      nzn_arrival_crosshair, layout_loops_ring, serial_shops,
          nicolae_shop_gibbet_a_chance, serial_park_tiny_2
D:2:      layout_basic, palyth_stone_intersect, minmay_ruptured
D:3:      layout_rooms, uniq_crazy_yiuf_cottage, uniq_jessica

Skill      XL: |  1  2  3  4  5 |
---------------+----------------+-----
Ranged Weapons | 3 4 5 |  5.4
Fighting       | 2 3 |  3.0
Armour         | 1 |  1.0
Dodging        | |  2.1
Spellcasting   | |  1.0
Hexes          | |  2.0

Action                     |  1- 3 |  4- 6 || total
---------------------------+-------+-------++-------
   Fire: Sling             |   114 |    99 ||   213
    Use: Scroll            |     8 |       ||     8
 Armour: Robe              |     2 |       ||     2
         Ring mail         |     4 |    22 ||    26
  Dodge: Dodged            |    22 |    52 ||    74

Table legend:
 A = Non-vault XP
 B = Vault XP
 C = Vault XP percentage of total XP
 D = Non-vault monster count
 E = Vault monster count
 F = Vault count percentage of total count
                 A         B        C        D         E       F
            +---------+---------+-------+---------+---------+-------
      Total |     195 |      52 |  21.1 |      60 |       3 |   4.8
            +---------+---------+-------+---------+---------+-------
        D:1 |      24 |       0 |   0.0 |      15 |       0 |   0.0
        D:2 |      82 |      15 |  15.5 |      22 |       2 |   8.3
        D:3 |      89 |      37 |  29.4 |      23 |       1 |   4.2
            +---------+---------+-------+---------+---------+-------
